 Dungeon Crawl Stone Soup version 0.27-a0-828-g8289197e94 (webtiles) character file.

Game seed: 15981895935707522264

4 dickylongcocking the Skirmisher (level 1, 0/20 HPs)
             Began as a Djinni Abyssal Knight on Mar 30, 2021.
             Was a Follower of Lugonu.
             Slain by a kobold
             ... wielding a +2 short sword of freezing
              (3 damage)
             ... on level 1 of the Dungeon.
             The game lasted 00:00:14 (71 turns).

dickylongcocking the Skirmisher (DjAK)                Turns: 71, Time: 00:00:15

Health: 0/20       AC:  3    Str: 11    XL:     1   Next: 60%
Gold:   9          EV: 11    Int: 13    God:    Lugonu [*.....] SH:  0 Dex: 12

rFire    + + .     SeeInvis .   a - +1 short sword
rCold    x . .     Faith    .   (no shield)
rNeg     . . .     Spirit   .   b - +0 leather armour
rPois    ∞         Reflect  .   (no helmet)
rElec    .         Harm     .   (no cloak)
rCorr    .         Rampage  .   (no gloves)
Will     .....                  (boots unavailable)
Stlth    +.........             (no amulet)
HPRegen  0.06/turn              (no ring)
MPRegen  0.00/turn              (no ring)

@: flying
A: fire resistance 2, cold vulnerability 1, float, innate caster, hp casting,
extra vitality 1
a: Renounce Religion, Depart the Abyss


You were on level 1 of the Dungeon.
You worshipped Lugonu.
Lugonu was aware of your devotion.
You visited 1 branch of the dungeon, and saw 1 of its levels.
You visited the Abyss 1 time.

You collected 9 gold pieces.

Inventory:

Hand Weapons
 a - a +1 short sword (weapon)
Armour
 b - a +0 leather armour (worn)
Potions
 c - a potion of haste {unknown}
 d - a potion of resistance {unknown}


   Skills:
 - Level 3.0 Fighting
 * Level 2.1 Short Blades
 - Level 1.0 Armour
 - Level 2.1 Dodging
 - Level 1.7 Invocations


You couldn't memorise any spells.
You didn't know any spells.
Your spell library was empty.

Dungeon Overview and Level Annotations

Branches:
Dungeon (1/15)

Altars:


Innate Abilities, Weirdness & Mutations

You are immune to poison.
Your flesh is very heat resistant. (rF++)
You are vulnerable to cold. (rC-)
You float through the air rather than walking.
You learn spells naturally, not from books.
Your magical power is your life essence.
You have superior vitality. (+4 HP)


Message History

Lugonu accepts your kill.
You closely miss the jackal.
The jackal bites you but does no damage. x2
A kobold comes into view.
It is wielding a +2 short sword of freezing.
The kobold shouts!
You hit the jackal but do no damage. The jackal misses you.
You hit the jackal.
The jackal is severely wounded.
The jackal closely misses you. x2
You hit the jackal.
You kill the jackal!
Lugonu accepts your kill. The jackal barely misses you.
Your Short Blades skill increases to level 2!
You closely miss the jackal. The jackal misses you.
You hit the jackal.
The jackal is heavily wounded.
The jackal barely misses you.
You hit the jackal.
The jackal is severely wounded.
The jackal closely misses you. The jackal bites you.
You barely miss the jackal.
The jackal is severely wounded.
The jackal bites you but does no damage.
You hit the jackal.
You kill the jackal!
Lugonu accepts your kill.
You closely miss the kobold. The kobold barely misses you.
You closely miss the kobold.
The kobold hits you with a +2 short sword of freezing.
The kobold freezes you.
You hit the kobold but do no damage.
The kobold hits you with a +2 short sword of freezing.
The kobold freezes you.
You are too injured to fight recklessly!
You hit the kobold but do no damage.
The kobold hits you with a +2 short sword of freezing.
* * * LOW HITPOINT WARNING * * *
The kobold freezes you.
You die...

#.....+<'...#### #
#.....###...# #
#>#.........####..
............##...
................#
.........##..####
#............#
....###......##########
..# #...##....@K......
. #######.##########
###


You could see a kobold.

Vanquished Creatures
  3 jackals (D:1)
3 creatures vanquished.

Notes
Turn   | Place    | Note
-------+----------+-------------------------------------------
     0 | Abyss:1  | dickylongcocking the Djinni Abyssal Knight began the quest
                  | for the Orb.
     0 | Abyss:1  | Reached XP level 1. HP: 20/20 MP: 0/0
    34 | D:1      | Escaped the Abyss
    71 | D:1      | Slain by a kobold

Illustrated notes

Levels and vault maps discovered:
D:1:      dpeg_arrival_tiny_d, layout_rooms, minmay_pentomino_p4

Skill      XL: |  1 |
---------------+----+-----
Short Blades   | 2 |  2.1
Fighting       | |  3.0
Armour         | |  1.0
Dodging        | |  2.1
Invocations    | |  1.7

Action                   || total
-------------------------++-------
Melee: Short sword       ||    16
Armor: Leather armour    ||     4
Dodge: Dodged            ||     9

Table legend: (Time is in decaauts)
 A = Elapsed time spent in this place.
 B = Non-inter-level travel time spent in this place.
 C = Inter-level travel time spent in this place.
 D = Time resting spent in this place.
 E = Time spent auto-exploring this place.
 F = Levels seen in this place.
 G = Mean time per level.
                   A        B        C        D        E       F      G
               +--------+--------+--------+--------+--------+-----+--------+
         Total |     70 |     70 |      0 |      0 |     20 |   2 |   35.0 |
       Dungeon |     36 |     36 |      0 |      0 |     15 |   1 |   36.0 |
         Abyss |     34 |     34 |      0 |      0 |      5 |   1 |   34.0 |
               +--------+--------+--------+--------+--------+-----+--------+

Top non-repeatable levels by time:
     D:1: 36 daAuts
 Abyss:1: 34 daAuts
